TOP OF THE 1ST |
Erie Jaxx batting - Pitching for Barry's Bay Orioles : RHP Juan Gutiérrez
|
Pitching: RHP Juan Gutiérrez
|
|
Batting: RHB Richard Bankhead
|
0-0: Foul Ball, location: 2F 0-1: Ball 1-1: Ball 2-1: SOLO HOME RUN (Flyball, 89XD) (Inside the Park)
|
Batting: RHB Bo Vickers
|
0-0: Ball 1-0: Ball 2-0: Foul Ball, location: 2F 2-1: Swinging Strike 2-2: Ball 3-2: Base on Balls
|
Batting: LHB Mark Everett
|
0-0: Ball 1-0: Called Strike 1-1: Ball 2-1: Swinging Strike 2-2: Fly out, F8 (Flyball, 8LM)
|
Batting: LHB Jesús González
|
0-0: Ball 1-0: Called Strike 1-1: Ball 2-1: Swinging Strike 2-2: Strikes out swinging
|
Batting: RHB Luis Alou
|
0-0: Ball 1-0: Ball 2-0: Ball 3-0: Called Strike 3-1: Ground out 4-3 (Groundball, 4)
|
Top of the 1st over - 1 run(s), 1 hit(s), 0 error(s), 1 left on base; Erie 1 - Barry's Bay 0 |
BOTTOM OF THE 1ST |
Barry's Bay Orioles batting - Pitching for Erie Jaxx : RHP Ricardo Marino
|
Pitching: RHP Ricardo Marino
|
|
Batting: LHB Joe Baker
|
0-0: Called Strike 0-1: Ball 1-1: Foul Ball, location: 2F 1-2: Foul Ball, location: 2F 1-2: Strikes out swinging
|
Batting: RHB Curt Wagner
|
0-0: Foul Ball, location: 2F 0-1: Swinging Strike 0-2: Foul Ball, location: 2F 0-2: Ball 1-2: Ball 2-2: Strikes out looking
|
Batting: RHB Shaun Puckett
|
0-0: Ball 1-0: Foul Ball, location: 2F 1-1: Ball 2-1: Fly out, F8 (Flyball, 8LM)
|
Bottom of the 1st over - 0 run(s), 0 hit(s), 0 error(s), 0 left on base; Erie 1 - Barry's Bay 0 |
TOP OF THE 2ND |
Erie Jaxx batting - Pitching for Barry's Bay Orioles : RHP Juan Gutiérrez
|
Batting: LHB Sean Perkins
|
0-0: Ball 1-0: Called Strike 1-1: Ball 2-1: SINGLE (Groundball, 34D)
|
Batting: SHB Ben Marks
|
0-0: Ball 1-0: Called Strike 1-1: Called Strike 1-2: Ball 2-2: Strikes out swinging
|
Batting: RHB Raúl Bruno
|
0-0: Called Strike 0-1: Swinging Strike 0-2: Strikes out looking
|
Batting: RHB Raúl Ruíz
|
0-0: Fly out, F3 (Popup, 4S)
|
Top of the 2nd over - 0 run(s), 1 hit(s), 0 error(s), 1 left on base; Erie 1 - Barry's Bay 0 |
BOTTOM OF THE 2ND |
Barry's Bay Orioles batting - Pitching for Erie Jaxx : RHP Ricardo Marino
|
Batting: LHB Javier Orozco
|
0-0: Fly out, F2 (Popup, 2LF)
|
Batting: RHB Pedro Molina
|
0-0: DOUBLE (Line Drive, 78M)
|
Batting: RHB Tom Hughes
|
0-0: Foul Ball, location: 2F 0-1: Called Strike 0-2: Ball 1-2: Ball 2-2: Ball 3-2: Base on Balls
|
Batting: LHB Martin Short
|
0-0: Fly out, F5 (Popup, 4S)
|
Batting: SHB Walt Simmons
|
0-0: Foul Ball, location: 2F 0-1: TRIPLE (Flyball, 8RXD) Pedro Molina scores Tom Hughes scores
|
Batting: RHB Jeremy Flemming
|
0-0: Ball 1-0: Ball 2-0: Called Strike 2-1: Foul Ball, location: 2F 2-2: Strikes out swinging
|
Bottom of the 2nd over - 2 run(s), 2 hit(s), 0 error(s), 1 left on base; Erie 1 - Barry's Bay 2 |
TOP OF THE 3RD |
Erie Jaxx batting - Pitching for Barry's Bay Orioles : RHP Juan Gutiérrez
|
Batting: RHB Richard Bankhead
|
0-0: Called Strike 0-1: Foul Ball, location: 2F 0-2: Foul Ball, location: 2F 0-2: Strikes out swinging
|
Batting: RHB Bo Vickers
|
0-0: Called Strike 0-1: Ball 1-1: Ball 2-1: Foul Ball, location: 2F 2-2: Strikes out swinging
|
Batting: LHB Mark Everett
|
0-0: Called Strike 0-1: Ball 1-1: Ball 2-1: Called Strike 2-2: Foul Ball, location: 2F 2-2: Strikes out swinging
|
Top of the 3rd over - 0 run(s), 0 hit(s), 0 error(s), 0 left on base; Erie 1 - Barry's Bay 2 |
BOTTOM OF THE 3RD |
Barry's Bay Orioles batting - Pitching for Erie Jaxx : RHP Ricardo Marino
|
Batting: LHB Joe Baker
|
0-0: Called Strike 0-1: Ball 1-1: Called Strike 1-2: Fly out, F7 (Flyball, 7S)
|
Batting: RHB Curt Wagner
|
0-0: Ball 1-0: Called Strike 1-1: Ball 2-1: Reached on error, E5 (Groundball, 5)
|
Batting: RHB Shaun Puckett
|
0-0: Foul Ball, location: 2F 0-1: Ball 1-1: Ball 2-1: Ball 3-1: SINGLE (Line Drive, 9S) Curt Wagner to second
|
Batting: LHB Javier Orozco
|
0-0: Ball 1-0: Grounds into double play, 3-6-1 (Groundball, 3D)
|
Bottom of the 3rd over - 0 run(s), 1 hit(s), 1 error(s), 1 left on base; Erie 1 - Barry's Bay 2 |
TOP OF THE 4TH |
Erie Jaxx batting - Pitching for Barry's Bay Orioles : RHP Juan Gutiérrez
|
Batting: LHB Jesús González
|
0-0: Called Strike 0-1: Ball 1-1: Foul Ball, location: 2F 1-2: Ball 2-2: Ball 3-2: Base on Balls
|
Batting: RHB Luis Alou
|
0-0: Called Strike 0-1: Ball 1-1: Foul Ball, location: 2F 1-2: Ball Jesús González steals 2nd base 2-2: Foul Ball, location: 2F 2-2: Fly out, F6 (Popup, 6MD)
|
Batting: LHB Sean Perkins
|
0-0: Called Strike 0-1: Ground out 4-3 (Groundball, 4M) Jesús González to third
|
Batting: SHB Ben Marks
|
0-0: Ball 1-0: Foul Ball, location: 2F 1-1: Foul Ball, location: 2F 1-2: Strikes out looking
|
Top of the 4th over - 0 run(s), 0 hit(s), 0 error(s), 1 left on base; Erie 1 - Barry's Bay 2 |
BOTTOM OF THE 4TH |
Barry's Bay Orioles batting - Pitching for Erie Jaxx : RHP Ricardo Marino
|
Batting: RHB Pedro Molina
|
0-0: Called Strike 0-1: Ball 1-1: Swinging Strike 1-2: Strikes out swinging
|
Batting: RHB Tom Hughes
|
0-0: Ball 1-0: Called Strike 1-1: Foul Ball, location: 2F 1-2: DOUBLE (Flyball, 78D)
|
Batting: LHB Martin Short
|
0-0: Ball 1-0: Ball 2-0: Foul Ball, location: 2F 2-1: DOUBLE (Line Drive, 3D) Tom Hughes scores
|
Batting: SHB Walt Simmons
|
0-0: Called Strike 0-1: Foul Ball, location: 2F 0-2: Ground out U3 (Groundball, 3L) Martin Short to third
|
Batting: RHB Jeremy Flemming
|
0-0: Ball 1-0: Swinging Strike 1-1: Fly out, F9 (Flyball, 8RS)
|
Bottom of the 4th over - 1 run(s), 2 hit(s), 0 error(s), 1 left on base; Erie 1 - Barry's Bay 3 |
TOP OF THE 5TH |
Erie Jaxx batting - Pitching for Barry's Bay Orioles : RHP Juan Gutiérrez
|
Batting: RHB Raúl Bruno
|
0-0: Called Strike 0-1: Ball 1-1: Fly out, F5 (Popup, 25)
|
Batting: RHB Raúl Ruíz
|
0-0: Called Strike 0-1: Foul Ball, location: 2F 0-2: Strikes out swinging
|
Batting: RHB Richard Bankhead
|
0-0: Ground out 6-3 (Groundball, 6)
|
Top of the 5th over - 0 run(s), 0 hit(s), 0 error(s), 0 left on base; Erie 1 - Barry's Bay 3 |
BOTTOM OF THE 5TH |
Barry's Bay Orioles batting - Pitching for Erie Jaxx : RHP Ricardo Marino
|
Batting: LHB Joe Baker
|
0-0: Foul Ball, location: 2F 0-1: Foul Ball, location: 2F 0-2: Foul Ball, location: 2F 0-2: Ball 1-2: SINGLE (Groundball, 34)
|
Batting: RHB Curt Wagner
|
0-0: Ball 1-0: Ball 2-0: Foul Ball, location: 2F 2-1: Called Strike 2-2: Strikes out swinging
|
Batting: RHB Shaun Puckett
|
0-0: Ground out 5-3 (Groundball, 5S) Joe Baker to second
|
Batting: LHB Javier Orozco
|
0-0: Intentional Walk
|
Batting: RHB Pedro Molina
|
0-0: Swinging Strike 0-1: Swinging Strike 0-2: Strikes out swinging
|
Bottom of the 5th over - 0 run(s), 1 hit(s), 0 error(s), 2 left on base; Erie 1 - Barry's Bay 3 |
TOP OF THE 6TH |
Erie Jaxx batting - Pitching for Barry's Bay Orioles : RHP Juan Gutiérrez
|
Batting: RHB Bo Vickers
|
0-0: Foul Ball, location: 2F 0-1: Called Strike 0-2: Ball 1-2: Ball 2-2: Strikes out swinging
|
Batting: LHB Mark Everett
|
0-0: Hit by Pitch
|
Batting: LHB Jesús González
|
0-0: Ball 1-0: Ball 2-0: Called Strike 2-1: DOUBLE (Line Drive, 3L) Mark Everett to third Runner from 3rd tries for Home, SAFE, no throw or cutoff
|
Pitching: RHP Daniel Betteridge
|
|
Batting: RHB Luis Alou
|
0-0: Ball 1-0: Fly out, F3 (Popup, 3)
|
Batting: LHB Sean Perkins
|
0-0: Ball 1-0: Fly out, F3 (Line Drive, 34)
|
Top of the 6th over - 1 run(s), 1 hit(s), 0 error(s), 1 left on base; Erie 2 - Barry's Bay 3 |
BOTTOM OF THE 6TH |
Barry's Bay Orioles batting - Pitching for Erie Jaxx : RHP Ricardo Marino
|
Batting: RHB Tom Hughes
|
0-0: Ball 1-0: Called Strike 1-1: Called Strike 1-2: Strikes out looking
|
Pitching: LHP Luis Torres
|
|
Batting: LHB Martin Short
|
0-0: Called Strike 0-1: Ball 1-1: Foul Ball, location: 2F 1-2: Fly out, F4 (Popup, 4MD)
|
Batting: SHB Walt Simmons
|
0-0: Ball 1-0: Fly out, F7 (Flyball, 7M)
|
Bottom of the 6th over - 0 run(s), 0 hit(s), 0 error(s), 0 left on base; Erie 2 - Barry's Bay 3 |
TOP OF THE 7TH |
Erie Jaxx batting - Pitching for Barry's Bay Orioles : RHP Daniel Betteridge
|
Batting: SHB Ben Marks
|
0-0: Ball 1-0: Ball 2-0: Foul Ball, location: 2F 2-1: Foul Ball, location: 2F 2-2: Strikes out swinging
|
Batting: RHB Raúl Bruno
|
0-0: DOUBLE (Groundball, 5L)
|
Batting: RHB Raúl Ruíz
|
0-0: Called Strike 0-1: Fly out, F8 (Flyball, 8RM) Runner from 2nd tags up, SAFE at 3rd with throw
|
Batting: RHB Richard Bankhead
|
0-0: Called Strike 0-1: Ball 1-1: Ball 2-1: Foul Ball, location: 2F 2-2: Foul Ball, location: 2F 2-2: Ball 3-2: SINGLE (Line Drive, 6MD) Raúl Bruno scores
|
Batting: RHB Bo Vickers
|
0-0: Ball 1-0: Ball 2-0: Ground out 6-3 (Groundball, 56)
|
Top of the 7th over - 1 run(s), 2 hit(s), 0 error(s), 1 left on base; Erie 3 - Barry's Bay 3 |
BOTTOM OF THE 7TH |
Barry's Bay Orioles batting - Pitching for Erie Jaxx : LHP Luis Torres
|
Batting: RHB Jeremy Flemming
|
0-0: Ball 1-0: SINGLE (Groundball, 56D)
|
Batting: LHB Joe Baker
|
0-0: Bunted foul 0-1: Sac Bunt - play at first, batter OUT! 1-4 Jeremy Flemming to second
|
Batting: RHB Curt Wagner
|
0-0: Ground out 4-3 (Groundball, 4M) Jeremy Flemming to third
|
Batting: RHB Shaun Puckett
|
0-0: Intentional Walk
|
Batting: LHB Javier Orozco
|
0-0: Ball 1-0: Ball 2-0: Ball 3-0: Base on Balls Shaun Puckett to second
|
Batting: RHB Pedro Molina
|
0-0: Ball 1-0: Foul Ball, location: 2F 1-1: Fly out, F7 (Flyball, 78M)
|
Bottom of the 7th over - 0 run(s), 1 hit(s), 0 error(s), 3 left on base; Erie 3 - Barry's Bay 3 |
TOP OF THE 8TH |
Erie Jaxx batting - Pitching for Barry's Bay Orioles : RHP Daniel Betteridge
|
Batting: LHB Mark Everett
|
0-0: Foul Ball, location: 2F 0-1: Ball 1-1: Called Strike 1-2: Ball 2-2: Fly out, F5 (Popup, 5SF)
|
Pitching: RHP Augusto Ruíz
|
|
Batting: LHB Jesús González
|
0-0: Swinging Strike 0-1: Foul Ball, location: 2F 0-2: Ball 1-2: Strikes out swinging
|
Batting: RHB Luis Alou
|
0-0: Ball 1-0: Swinging Strike 1-1: Swinging Strike 1-2: Ball 2-2: Foul Ball, location: 2F 2-2: Strikes out swinging
|
Top of the 8th over - 0 run(s), 0 hit(s), 0 error(s), 0 left on base; Erie 3 - Barry's Bay 3 |
BOTTOM OF THE 8TH |
Barry's Bay Orioles batting - Pitching for Erie Jaxx : LHP Luis Torres
|
Batting: RHB Tom Hughes
|
0-0: Called Strike 0-1: Called Strike 0-2: Ball 1-2: Foul Ball, location: 2F 1-2: Strikes out swinging
|
Pinch Hitting: RHB Brian Parks
|
0-0: Ball 1-0: Ball 2-0: Ball 3-0: Called Strike 3-1: Fly out, F8 (Popup, 8LS)
|
Batting: SHB Walt Simmons
|
0-0: Ball 1-0: Foul Ball, location: 2F 1-1: Ball 2-1: Ground out 5-3 (Groundball, 5S)
|
Bottom of the 8th over - 0 run(s), 0 hit(s), 0 error(s), 0 left on base; Erie 3 - Barry's Bay 3 |
TOP OF THE 9TH |
Erie Jaxx batting - Pitching for Barry's Bay Orioles : RHP Augusto Ruíz
|
Pitching: LHP Ben Turner
|
|
Now in CF: Juan Castillo
|
|
Batting: LHB Sean Perkins
|
0-0: Ball 1-0: Ball 2-0: Foul Ball, location: 2F 2-1: Swinging Strike 2-2: SINGLE (Groundball, 34D) (infield hit)
|
Pinch Runner at 1st Luis Fuentes:
|
|
Pinch Hitting: RHB Luis Ramos
|
0-0: Ball Luis Fuentes steals 2nd base 1-0: DOUBLE (Groundball, 5L) Luis Fuentes scores
|
Batting: RHB Raúl Bruno
|
0-0: Ball 1-0: Ground out 4-3 (Groundball, 4) Luis Ramos to third
|
Pinch Hitting: RHB Juan Reyes
|
0-0: Ball 1-0: Reached on Error, E8 (Flyball, 8LS) Luis Ramos scores
|
Batting: RHB Richard Bankhead
|
0-0: Called Strike 0-1: Ball 1-1: Foul Ball, location: 2F 1-2: DOUBLE (Line Drive, 89M) Juan Reyes to third
|
Batting: RHB Bo Vickers
|
0-0: SINGLE (Groundball, 25) (infield hit) Juan Reyes scores Richard Bankhead to third
|
Batting: LHB Mark Everett
|
0-0: Ball 1-0: Ball 2-0: Ball 3-0: Called Strike 3-1: Base on Balls Bo Vickers to second
|
Batting: LHB Jesús González
|
0-0: Called Strike 0-1: Ball 1-1: Foul Ball, location: 2F 1-2: Ball 2-2: Foul Ball, location: 2F 2-2: Ground out 5-3 (Groundball, 5S) Richard Bankhead scores Bo Vickers to third Mark Everett to second
|
Pitching: LHP Jerry Wolfe
|
|
Batting: RHB Luis Alou
|
0-0: SINGLE (Line Drive, 6M) Bo Vickers scores Mark Everett to third Runner from 3rd tries for Home, SAFE, throw made home Luis Alou to second
|
Batting: RHB Luis Fuentes
|
0-0: Foul Ball, location: 2F 0-1: Ball 1-1: Ball 2-1: Ball 3-1: Swinging Strike 3-2: Base on Balls
|
Batting: RHB Luis Ramos
|
0-0: Foul Ball, location: 2F 0-1: Ball 1-1: Ball 2-1: Fly out, F6 (Line Drive, 6)
|
Top of the 9th over - 6 run(s), 5 hit(s), 1 error(s), 2 left on base; Erie 9 - Barry's Bay 3 |
BOTTOM OF THE 9TH |
Barry's Bay Orioles batting - Pitching for Erie Jaxx : LHP Luis Torres
|
Now at C: Steve Clifton
|
|
Now at 3B: Luis Ramos
|
|
Now in CF: José Darias
|
|
Batting: RHB Jeremy Flemming
|
0-0: Called Strike 0-1: Swinging Strike 0-2: Strikes out swinging
|
Batting: LHB Joe Baker
|
0-0: SINGLE (Line Drive, 6D)
|
Batting: RHB Curt Wagner
|
0-0: Ball 1-0: Ball 2-0: Ball 3-0: Called Strike 3-1: Base on Balls Joe Baker to second
|
Batting: RHB Shaun Puckett
|
0-0: Foul Ball, location: 2F 0-1: Ball 1-1: Fly out, F8 (Flyball, 8RM)
|
Batting: LHB Javier Orozco
|
0-0: Ball 1-0: Ground out 4-3 (Groundball, 4)
|
Bottom of the 9th over - 0 run(s), 1 hit(s), 0 error(s), 2 left on base; Erie 9 - Barry's Bay 3 |
|